[Event "41st Zalakaros Festival 2022"]
[Site "Zalakaros"]
[Date "2022.06.07"]
[Round "3.9"]
[White "Gyorkos, Lajos"]
[Black "Trajber, Daniel"]
[Result "1/2-1/2"]
[ECO "E66"]
[WhiteElo "2254"]
[BlackElo "2090"]
[Annotator "TA"]
[PlyCount "64"]
[EventDate "2022.06.05"]
[EventType "swiss"]
[EventCountry "HUN"]
[SourceTitle "playchess.com"]
[Source "ChessBase"]
[SourceQuality "1"]
[TimeControl "40/5400+30:1800+30"]

1. Nf3 Nf6 2. g3 g6 3. Bg2 Bg7 4. O-O O-O 5. d4 d6 6. c4 c5 7. Nc3 Nc6 8. d5 Na5 9. Nd2 a6 10. Qc2 Rb8 11. b3 b5 12. Bb2 bxc4 13. bxc4 Nd7 {[%emt 0:01:58] E66: King's Indian: Fianchetto: 6...c5 7 0-0 Nc6 8 d5.} (13... Bh6 $11 14. f4 e5) 14. Rab1 $16 Nb6 15. Nd1 {[%emt 0:00:27] [#] And now Bxg7 would win.} Bxb2 {[%emt 0:04:54] White is slightly better.} 16. Nxb2 {[%emt 0:00:13] [#]} Bg4 $146 ({Predecessor:} 16... Bd7 17. e4 Qc8 18. Qc3 Qb7 19. f4 f5 20. e5 e6 21. Rfe1 Qc8 22. Nd3 Qc7 23. dxe6 Bxe6 24. exd6 Qxd6 25. Rxb6 Qxb6 26. Rxe6 Qd8 27. Bd5 {1-0 (27) Nekrasova,E (2107)-Ibraheem,D Mallorca 2004}) 17. e4 e5 18. f4 exf4 19. gxf4 Qh4 (19... Qf6 $16 {keeps fighting.}) 20. Qc3 $18 Nb7 21. e5 Bf5 22. Rbe1 Rfe8 23. Nb3 (23. Nd3 $16) 23... Nd7 {[%emt 0:02:17] [#]} 24. Re3 (24. Nd1 $1 $16) 24... Re7 $11 25. exd6 (25. Bh3 $11 Bxh3 26. Rxh3 Qg4+ 27. Rg3) 25... Rxe3 $17 ({And not} 25... Nxd6 26. Rxe7 Qxe7 27. Rc1 $15) 26. Qxe3 Nxd6 27. Qf2 Qxf2+ 28. Rxf2 Bb1 29. Nc1 Re8 30. Rf1 Rb8 31. Rf2 Re8 32. Rf1 $1 Rb8 {Weighted Error Value: White=0.24 (precise) /Black=0.28 (precise)} ({Black should play} 32... a5 $17 33. a3 Rb8) 1/2-1/2

[Event "41st Zalakaros Festival 2022"]
[Site "Zalakaros"]
[Date "2022.06.07"]
[Round "3.10"]
[White "Hrbolka, Ladislav"]
[Black "Vegh, Endre"]
[Result "1/2-1/2"]
[ECO "A04"]
[WhiteElo "2193"]
[BlackElo "2225"]
[Annotator "TA"]
[PlyCount "45"]
[EventDate "2022.06.05"]
[EventType "swiss"]
[EventCountry "HUN"]
[SourceTitle "playchess.com"]
[Source "ChessBase"]
[SourceQuality "1"]
[TimeControl "40/5400+30:1800+30"]

1. Nf3 g6 2. g3 Bg7 3. Bg2 d6 4. d4 Nd7 5. O-O e5 6. e4 Ne7 7. Nc3 exd4 {[%emt 0:06:46] A41: 1 d4 d6: Tartakower System and Modern Defence.} 8. Nxd4 Nc6 {[%emt 0:03:36] [#]} 9. Nce2 $146 (9. Nxc6 $16 bxc6 10. e5) ({Predecessor:} 9. Nde2 O-O 10. h3 a5 11. Be3 a4 12. b3 axb3 13. cxb3 Nc5 14. Qd2 Bd7 15. Rad1 {1-0 (60) Rashkovsky,N (2517)-Okhotnik,V (2427) Rijeka 2011}) 9... O-O $11 {[%emt 0:01:46] The position is equal.} 10. h3 Re8 11. Re1 Nc5 12. Nxc6 bxc6 13. Nd4 Bd7 14. e5 d5 15. Bf4 Ne6 16. Nxe6 Rxe6 (16... Bxe6 $11 17. h4 Qe7) 17. Qd4 (17. h4 $16) 17... Qe8 (17... g5 $11 18. Bd2 f6) 18. Re3 {White is more active.} Qd8 {[#] Threatens to win with ...g5.} 19. Qd1 $2 (19. g4 $14 {stays ahead.}) 19... Re8 $2 (19... g5 $19 20. Bxg5 Qxg5) 20. Re1 ({White should try} 20. g4 $14) 20... Re6 (20... g5 $11 {remains equal.} 21. Be3 Bxe5) 21. Qd4 Qe8 22. Re3 (22. c4 $16) 22... f6 (22... Qd8 $11) 23. Rae1 {Weighted Error Value: White=0.72/Black=0.66} 1/2-1/2

[Event "41st Zalakaros Festival 2022"]
[Site "Zalakaros"]
[Date "2022.06.08"]
[Round "4.1"]
[White "Pranav Vijay"]
[Black "Kantor, Gergely"]
[Result "1/2-1/2"]
[ECO "C84"]
[WhiteElo "2265"]
[BlackElo "2587"]
[Annotator "TA"]
[PlyCount "180"]
[EventDate "2022.06.05"]
[EventType "swiss"]
[EventCountry "HUN"]
[SourceTitle "playchess.com"]
[Source "ChessBase"]
[SourceQuality "1"]
[TimeControl "40/5400+30:1800+30"]

1. e4 e5 2. Nf3 Nc6 3. Bb5 a6 4. Ba4 Nf6 5. O-O Be7 6. d3 b5 7. Bb3 d6 8. c3 O-O 9. h3 Bb7 10. Re1 Na5 11. Bc2 c5 12. Nbd2 Re8 13. Nf1 Qc7 14. Ng3 {[%emt 0:03:13] C92: Closed Ruy Lopez: 9...Be6, Karpov and Flohr-Zaitsev Variations.} d5 15. Nf5 Rad8 {[%emt 0:09:39] [#] And now ...dxe4 would win.} 16. Qe2 $146 {[%emt 0:13:04] White has an edge.} ({Predecessor:} 16. exd5 Rxd5 17. Nxe7+ Rxe7 18. Qd2 e4 19. Qe2 Rdd7 20. dxe4 Nxe4 21. Qf1 h6 22. Re2 {0-1 (45) Korman,J (1872)-Goebel,K (2230) ICCF email 2011}) 16... Bf8 17. Bg5 {[%emt 0:04:57][%cal Bc1g5,Bg5h4,Bh4g3,Bg3f4][%mdl 32] aiming for Bxf6.} Re6 18. Rad1 h6 19. Bh4 Rde8 20. Bb1 Nh5 21. Nxe5 Nf4 {[%emt 0:10:54][%mdl 64] [#] Zwischenzug} (21... g6 $5 22. d4 dxe4 $11) 22. Qg4 {[%emt 0:13:56][%cal Oh4g3] Bg3! is the strong threat.} Qxe5 23. Bg3 {[%emt 0:00:05] Dancing on a razor blade.} h5 ({Don't play} 23... g5 24. d4 Qc7 25. e5) 24. Qxf4 Qxf4 25. Bxf4 {[%emt 0:00:04] With the idea Bc7.} dxe4 26. dxe4 Bxe4 27. Bxe4 Rxe4 28. Rxe4 Rxe4 29. g3 Nc6 {[%emt 0:03:22] Prevents Rd8.} 30. Rd7 Re6 31. Rc7 f6 {[%emt 0:02:37] [#]} (31... g6 $14 32. Nh6+ Bxh6 33. Bxh6 c4) 32. Bd6 $1 $16 {[%emt 0:03:11][%mdl 512] White is more active.} Bxd6 (32... Re1+ 33. Kg2) 33. Rxc6 {[%emt 0:00:05][%mdl 4096] Endgame KRB-KRN} Re1+ 34. Kg2 Bf8 35. Rxa6 Re2 {[%emt 0:00:47] [#]} 36. b3 $1 Rc2 {[%emt 0:00:46] [#]} 37. Ra5 $1 Rxc3 38. Rxb5 {[%emt 0:00:01] Hoping for Ne3.} c4 39. Nh4 (39. Rb8 $16) 39... cxb3 $11 40. axb3 Kf7 (40... Rc2 $1 $14) 41. Rb7+ $16 Kg8 42. Ng6 ({White should try} 42. Nf5) 42... Bd6 43. Nh4 (43. g4 $16) 43... Rc2 (43... Bf8 $11) 44. b4 Rb2 $1 45. Nf5 Bf8 46. b5 g6 47. Nh4 Bc5 48. Kf3 Rxf2+ 49. Ke4 {[%emt 0:00:01] Threatens to win with Kd5.} Re2+ 50. Kd3 Rh2 {[%emt 0:00:32] The position is equal.} 51. Kc4 Bf2 52. Nxg6 Rxh3 53. Kd5 Rxg3 54. Ne7+ Kf8 55. Nf5 Rg1 56. Ke6 Re1+ 57. Kxf6 Ke8 58. b6 Bxb6 59. Rxb6 $11 {[%emt 0:00:51] KRN-KR} Kd7 60. Rb7+ Kc6 61. Rh7 Kd5 62. Rxh5 Re6+ 63. Kg5 Re1 64. Rh8 Rg1+ 65. Kf6 Rf1 66. Rd8+ Kc5 67. Ke5 Re1+ 68. Kf4 Rf1+ 69. Ke4 Re1+ 70. Ne3 Kc6 71. Rh8 Ra1 72. Rh6+ Kc5 73. Rh5+ Kc6 74. Kd4 Kd7 75. Rh6 Ke7 76. Ke5 Kd7 77. Rd6+ Kc8 78. Rd3 Kb7 79. Nd5 Kc6 80. Rc3+ Kb5 81. Rc8 Rh1 82. Nc3+ Kb6 83. Ne4 Re1 84. Rc2 Rh1 85. Nf6 Kb5 86. Nd7 Re1+ 87. Kd6 Rd1+ 88. Kc7 Rh1 89. Nf6 Rh4 90. Nd5 Rc4+ {[%emt 0:00:08] Weighted Error Value: White=0.11 (very precise) /Black=0.08 (flawless)} 1/2-1/2

[Event "41st Zalakaros Festival 2022"]
[Site "Zalakaros"]
[Date "2022.06.08"]
[Round "4.2"]
[White "Peczely, Sebastian Zsombor"]
[Black "Csonka, Balazs"]
[Result "1/2-1/2"]
[ECO "B23"]
[WhiteElo "2313"]
[BlackElo "2498"]
[Annotator "TA"]
[PlyCount "29"]
[EventDate "2022.06.05"]
[EventType "swiss"]
[EventCountry "HUN"]
[SourceTitle "playchess.com"]
[Source "ChessBase"]
[SourceQuality "1"]
[TimeControl "40/5400+30:1800+30"]

1. e4 c5 2. Nc3 g6 3. Nge2 Bg7 4. g3 Nc6 5. Bg2 e6 6. O-O Nge7 7. b3 {[%emt 0:04:32] B24: Closed Sicilian: 3 g3 sidelines.} O-O 8. Bb2 d5 9. exd5 exd5 {[%emt 0:00:09] [#]} 10. Na4 $146 ({Predecessor:} 10. d3 d4 11. Nb1 Be6 12. Re1 Bd5 13. Bf1 Qd7 14. Nf4 Rae8 15. Nxd5 Nxd5 16. Nd2 Rxe1 17. Qxe1 {1-0 (74) Proudian,A (2427)-Eswaran,A (2244) Chess.com INT 2020}) 10... Bxb2 11. Nxb2 Bg4 12. h3 Bxe2 13. Qxe2 Re8 14. Rfe1 Qd6 15. c3 {[%emt 0:04:55] Not much happened in this game.  Weighted Error Value: White=0.07 (flawless) /Black=0.07 (flawless)} 1/2-1/2

[Event "41st Zalakaros Festival 2022"]
[Site "Zalakaros"]
[Date "2022.06.08"]
[Round "4.3"]
[White "Bodrogi, Bendeguz"]
[Black "Sammed Jaykumar, Shete"]
[Result "0-1"]
[ECO "A00"]
[WhiteElo "2198"]
[BlackElo "2400"]
[Annotator "TA"]
[PlyCount "78"]
[EventDate "2022.06.05"]
[EventType "swiss"]
[EventCountry "HUN"]
[SourceTitle "playchess.com"]
[Source "ChessBase"]
[SourceQuality "1"]
[TimeControl "40/5400+30:1800+30"]

1. g3 e5 2. c4 c6 3. Bg2 d5 4. cxd5 cxd5 5. d4 e4 6. Nc3 {[%emt 0:00:07] A20: English Opening: 1...e5.} Nc6 7. Nh3 h6 {[%emt 0:01:33] was the old line (7...Bb4).} 8. Nf4 {[%emt 0:01:50] The position is equal.} Nf6 9. h4 (9. f3 $11) 9... Bb4 $17 10. Bd2 O-O 11. e3 Bg4 12. Qb3 Bxc3 13. Bxc3 Qd7 14. h5 {[%emt 0:06:21] [#]} Rab8 $146 ({Predecessor:} 14... Rac8 15. Bh3 Bxh3 16. Rxh3 Nd8 17. Rh4 Ne6 18. Qa3 Ng5 19. O-O-O Rc4 20. Kb1 Rfc8 {½-½ (27) Farkas,T (2249)-Gupta,B (2077) Kecskemet 2012}) 15. a4 Qf5 16. Bh3 Bxh3 17. Rxh3 Rfc8 18. Rh1 Nd8 19. g4 Qxg4 20. Nxd5 Nxd5 21. Qxd5 Ne6 22. Qe5 Ng5 {[%emt 0:00:14] White must now prevent ...Nf3+.} 23. Qg3 Qd7 24. Kf1 b5 25. axb5 Rxb5 {[%emt 0:00:13] ...Nf3 is the strong threat.} ({Stronger than} 25... Qxb5+ 26. Kg2 $11) 26. Rh4 Rc6 27. Qg4 Re6 28. Qg3 (28. d5 {might work better.} Rxd5 29. Kg2) 28... Kh7 $19 29. Rf4 f5 30. Rh4 Nf3 31. Rf4 Ng5 32. Rh4 $1 Qf7 33. Rh1 Nf3 {[%emt 0:00:28][%cal Of5f4] Strongly threatening ...f4!} 34. Qf4 Rc6 (34... g5 $19 35. Qg3 Nh4) 35. Ra4 $2 {[%emt 0:01:33][%mdl 8192] [#]} (35. Rh3 $17) 35... a6 (35... Rxc3 $142 $1 36. Rxa7 Rc1+ 37. Kg2 Qxa7 38. Rxc1 Qf7) 36. Kg2 Qd7 (36... g5 $19 {has better winning chances.} 37. Qg3 Nh4+ 38. Kg1 Rxc3 39. bxc3 Rb1+ 40. Kh2 Nf3+ 41. Kg2 Rxh1 42. Kxh1 Qxh5+ 43. Kg2 Nh4+ 44. Kh1 Nf3+ 45. Kg2 Nh4+ 46. Kh1 Qd1+ 47. Qg1 Qf3+ 48. Kh2 Qh5) 37. Raa1 $2 (37. Rh3 $17) 37... g5 {[%emt 0:03:00] Black is clearly winning.} 38. hxg6+ Rxg6+ 39. Kf1 {[%emt 0:00:09] [#]} Rxb2 $3 {[%emt 0:02:10][%mdl 512] Weighted Error Value: White=0.67/Black=0.29 (precise)} 0-1

[Event "41st Zalakaros Festival 2022"]
[Site "Zalakaros"]
[Date "2022.06.08"]
[Round "4.4"]
[White "Papp, Levente"]
[Black "Bokorovics, Bertalan"]
[Result "1-0"]
[ECO "E62"]
[WhiteElo "2401"]
[BlackElo "2221"]
[Annotator "TA"]
[PlyCount "49"]
[EventDate "2022.06.05"]
[EventType "swiss"]
[EventCountry "HUN"]
[SourceTitle "playchess.com"]
[Source "ChessBase"]
[SourceQuality "1"]
[TimeControl "40/5400+30:1800+30"]

1. d4 Nf6 2. Nf3 g6 3. c4 Bg7 4. Nc3 O-O 5. g3 d6 6. Bg2 Nc6 7. d5 Na5 8. b3 c5 9. Bb2 a6 10. O-O Rb8 11. a4 {[%emt 0:00:21] Against b5. E63: King's Indian: Fianchetto: Panno Variation with 7...a6.} Re8 12. Ra2 {[%emt 0:01:45] [#]} Bd7 $146 ({Predecessor:} 12... e6 13. dxe6 Bxe6 14. Ng5 Bf5 15. h3 h6 16. e4 Bc8 17. Nf3 Nc6 18. Nd2 Nb4 {½-½ (38) Bacrot,E (2635)-Maiwald,J (2426) Germany 2022}) 13. Nd2 {[%emt 0:01:08] White is slightly better.} e5 14. dxe6 Rxe6 15. Nd5 Bc6 16. e3 Bxd5 17. cxd5 Re8 18. Qa1 Qe7 19. Rb1 Rec8 20. Bf1 {[%emt 0:08:22] A strong pair of Bishops.} h5 21. h4 Ne8 {[%emt 0:02:13] [#]} (21... Qd8 $16 22. Bc3 Ne8) 22. Bxg7 $1 $18 Nxg7 23. Qc3 Qc7 (23... b6 $142 24. Bxa6 Rc7) 24. Bh3 Rd8 $2 (24... f5 25. Bf1 Qd8) 25. b4 {[%emt 0:00:46] White took control after the opening.  Weighted Error Value: White=0.04 (flawless) /Black=0.41} 1-0

[Event "41st Zalakaros Festival 2022"]
[Site "Zalakaros"]
[Date "2022.06.08"]
[Round "4.5"]
[White "Pasztor, Ferenc"]
[Black "Okhotnik, Vladimir"]
[Result "0-1"]
[ECO "A43"]
[WhiteElo "2195"]
[BlackElo "2336"]
[Annotator "TA"]
[PlyCount "70"]
[EventDate "2022.06.05"]
[EventType "swiss"]
[EventCountry "HUN"]
[SourceTitle "playchess.com"]
[Source "ChessBase"]
[SourceQuality "1"]
[TimeControl "40/5400+30:1800+30"]

1. d4 g6 2. c4 Bg7 3. Nc3 c5 4. d5 Bxc3+ 5. bxc3 f5 6. f3 Qa5 {[%emt 0:00:17] A40: Unusual replies to 1 d4.} 7. Bd2 Nf6 8. e3 (8. e4 $14 {should be considered.}) 8... d6 $11 {[%emt 0:00:10] [#] The position is equal.} 9. Ne2 $146 ({Predecessor:} 9. Nh3 Nbd7 10. Be2 Nb6 11. O-O Bd7 12. Qb3 Qa6 13. Nf4 Ba4 14. Qb1 O-O-O 15. Ne6 {0-1 (82) Bets,A (2383)-Ardelean,G (2444) Bucharest 2002}) 9... Nbd7 10. Nc1 Ne5 11. f4 Nf7 12. Bd3 Bd7 13. a4 e6 14. Qb3 O-O 15. O-O Rab8 16. Qa2 Rfe8 17. h3 Rbc8 18. Qb3 ({White should play} 18. Be1 $15) 18... Qc7 $17 19. Rb1 b6 20. dxe6 Rxe6 21. Be2 Bc6 22. Bf3 Ne4 23. Be1 Nd8 {[%emt 0:00:59] Black is much more active.} 24. Rb2 (24. Qa2 $17 {was called for.}) 24... Nb7 $19 {[%emt 0:00:23] Pair of Knights!} 25. g4 (25. Qa2 $142) 25... Na5 26. Qa2 Kh8 (26... Nf6 $19 {has better winning chances.} 27. Bd5 Bxd5 28. cxd5 Rxe3 29. gxf5 Rce8) 27. Rg2 (27. Nb3 $17) 27... Qf7 (27... Nf6 $19 28. gxf5 gxf5) 28. Nb3 (28. Nd3 $17) 28... Nxb3 (28... Nxc4 $19 29. Nd4 Ree8 30. Nxc6 Rxc6 31. gxf5 d5 32. fxg6 Rxg6) 29. Qxb3 $17 Nf6 30. gxf5 gxf5 {[%emt 0:00:08] Strongly threatening ...Bxf3.} ({Stronger than} 30... Rxe3 31. Bxc6 Rxc6 32. fxg6 hxg6 33. Qb1 $15) 31. Bh4 Rxe3 32. Bd5 {[%emt 0:01:43][%mdl 8192] Loses the game.} (32. Bxc6 $17 Rxc6 33. Kh2) 32... Bxd5 $19 {[%emt 0:00:58] Black is clearly winning.} ({Don't go for} 32... Nxd5 $2 33. cxd5 Rg8 34. Rff2 Bxd5 35. Qxd5 Re1+ 36. Kh2 Qxd5 37. Bf6+ Rg7 38. Bxg7+ Kg8 39. Rd2 $19) 33. Bxf6+ Qxf6 34. cxd5 Rxh3 {[%emt 0:00:23] [#] ( -> ...Qh4)} 35. Qc2 Qh4 {[%emt 0:02:50] Weighted Error Value: White=0.58/Black=0.14 (very precise)} 0-1

[Event "41st Zalakaros Festival 2022"]
[Site "Zalakaros"]
[Date "2022.06.08"]
[Round "4.6"]
[White "Horvath, Adam"]
[Black "Haselbach, David"]
[Result "1-0"]
[ECO "B00"]
[WhiteElo "2513"]
[BlackElo "2114"]
[Annotator "TA"]
[PlyCount "73"]
[EventDate "2022.06.05"]
[EventType "swiss"]
[EventCountry "HUN"]
[SourceTitle "playchess.com"]
[Source "ChessBase"]
[SourceQuality "1"]
[TimeControl "40/5400+30:1800+30"]

1. e4 d6 2. d4 Nf6 3. Bd3 e5 4. c3 Be7 5. Nf3 Nbd7 6. O-O c6 7. Nbd2 Qc7 8. Re1 h6 {[%emt 0:05:33] B07: Pirc Defence: Miscellaneous Systems.} 9. Nh4 g6 10. Nf1 Nf8 {[%emt 0:02:05] [#] White is slightly better.} 11. Nf3 $146 ({Predecessor:} 11. Ng3 Ne6 12. Nf3 Ng7 13. Bf1 Bg4 14. Be3 Kf8 15. Be2 Be6 16. dxe5 dxe5 17. Nd2 {½-½ (42) Degenhardt,H (2257)-Ackermann,H (2352) Niederhausen 2016}) 11... Ne6 12. Ne3 Nh5 13. b3 Ng5 14. Nd2 Bf6 15. Ba3 Nf4 (15... O-O $142) 16. Bf1 $16 exd4 (16... O-O $16) 17. Nec4 c5 {[%emt 0:08:37] [#]} (17... dxc3 $2 18. Nxd6+ Kd8 19. N2c4 $18) (17... Be7 $142) 18. e5 ({White should try} 18. Nxd6+ $1 $18 Qxd6 19. e5) 18... dxe5 19. cxd4 O-O (19... cxd4 $2 20. Rc1 Kd8 21. Nxe5 $1 $18 ) 20. dxe5 ({Don't take} 20. Bxc5 Rd8 $14) 20... Bg7 21. h4 Nge6 22. Bb2 g5 (22... Bd7 $16 {was worth a try.}) 23. Ne4 Rd8 24. Qf3 {[%emt 0:02:32] Threatens to win with hxg5.} Ng6 25. hxg5 Nxg5 26. Nf6+ Kh8 27. Qh5 Be6 28. Nd6 (28. Re3 $18) 28... Nf4 29. Qh4 Ng6 {[%emt 0:00:07] [#]} 30. Qh2 {[%emt 0:00:20] aiming for Nh5.} Nh7 $2 {[%emt 0:08:16][%mdl 8192] Loses the game.} (30... Nh3+ $16 {is more resistant.} 31. gxh3 Bxf6) 31. Nh5 $18 {[%emt 0:00:35] White is clearly winning.} Bf8 32. f4 c4 33. Bxc4 {[%emt 0:01:04] Active counter play!} Qc5+ (33... Bxc4 $142 34. Nxc4 Bc5+ 35. Kh1 Bd4 36. Bxd4 Rxd4) 34. Kh1 Qf2 35. Re2 Qh4 36. Qxh4 Nxh4 37. Nxf7+ {[%emt 0:00:39] Weighted Error Value: White=0.21 (precise) /Black=0.50} 1-0

[Event "41st Zalakaros Festival 2022"]
[Site "Zalakaros"]
[Date "2022.06.08"]
[Round "4.7"]
[White "Farkas, Gabor"]
[Black "Boronyak, Arpad"]
[Result "1-0"]
[ECO "A59"]
[WhiteElo "2324"]
[BlackElo "2126"]
[Annotator "TA"]
[PlyCount "83"]
[EventDate "2022.06.05"]
[EventType "swiss"]
[EventCountry "HUN"]
[SourceTitle "playchess.com"]
[Source "ChessBase"]
[SourceQuality "1"]
[TimeControl "40/5400+30:1800+30"]

1. d4 Nf6 2. c4 c5 3. d5 b5 4. cxb5 a6 5. bxa6 Bxa6 6. Nc3 d6 7. Nf3 g6 8. e4 Bxf1 9. Kxf1 Bg7 10. g3 O-O 11. Kg2 Nbd7 12. Qe2 Nb6 {[%emt 0:03:20] 12...Qb6 is a critical line. A59: Benko/Volga Gambit: White castles by hand.} (12... Qa5 $14) 13. a4 $16 e6 (13... Qc8 $16 {was worth a try.}) 14. dxe6 $18 fxe6 {[%emt 0:00:31] [#] White is clearly better.} 15. Bg5 $146 ({Predecessor:} 15. Rd1 d5 16. Ng5 d4 17. Nb5 Qe7 18. b3 h6 19. Nf3 Nfd7 20. Ba3 d3 21. Qxd3 Bxa1 22. Rxa1 {0-1 (39) Tarasova,V (2226)-Gitelson,A (2214) Chess.com INT 2020}) 15... h6 16. Bxf6 Qxf6 17. e5 $1 dxe5 18. Ne4 Qe7 19. Rhc1 Nxa4 20. b3 Nb6 21. Rxa8 Rxa8 22. Rxc5 {[%emt 0:00:53] White is more active.} Nd5 23. Qc2 ({Better is} 23. b4) 23... Qb7 24. Nd6 Qd7 (24... Qe7 $16 {might work better.}) 25. Nc4 g5 26. Ncxe5 ({Don't take} 26. Nfxe5 $6 Qa7 27. Nd6 Qe7 $16) 26... Qb7 (26... Qe7 $142 27. b4 (27. Rc8+ Rxc8 28. Qxc8+ Kh7 $16) 27... Qe8) 27. Qg6 Nf6 28. Rc6 {[%emt 0:06:59] [#] Strongly threatening Nd4.} g4 $2 (28... Qe7 29. Nd4 Qe8 30. Nxe6 (30. Rxe6 Qxg6 31. Nxg6 Ng4 $18) 30... Qxg6 31. Nxg6 Nd5) 29. Nd4 Rc8 30. Nxg4 {[%emt 0:05:42] Pair of Knights!} Rf8 31. Ne5 Rc8 32. Ng4 Rf8 33. f3 Nxg4 34. Qxe6+ Kh7 35. Qe4+ Kg8 36. Qxg4 h5 37. Qe6+ Kh8 38. Qd5 {[%emt 0:00:49][%cal Oc6h6] [#] Rh6+! would kill now.} Qa8 39. Qxh5+ Kg8 40. Qd5+ Kh8 41. Ne6 Qa1 42. Nxf8 {[%emt 0:01:55] Weighted Error Value: White=0.37/Black=0.88} 1-0

[Event "41st Zalakaros Festival 2022"]
[Site "Zalakaros"]
[Date "2022.06.08"]
[Round "4.8"]
[White "Kiss, Mate Jozsef"]
[Black "Gyorkos, Lajos"]
[Result "1-0"]
[ECO "B48"]
[WhiteElo "2030"]
[BlackElo "2254"]
[Annotator "TA"]
[PlyCount "47"]
[EventDate "2022.06.05"]
[EventType "swiss"]
[EventCountry "HUN"]
[SourceTitle "playchess.com"]
[Source "ChessBase"]
[SourceQuality "1"]
[TimeControl "40/5400+30:1800+30"]

1. e4 c5 2. Nf3 e6 3. d4 cxd4 4. Nxd4 Nc6 5. Nc3 Qc7 6. Be3 a6 7. a3 Nf6 8. f4 d6 9. Qf3 Be7 10. O-O-O {[%emt 0:00:33] B82: Sicilian Scheveningen: 6 f4.} Nxd4 11. Bxd4 ({Reject} 11. Rxd4 b5 $11) 11... b5 {[%emt 0:01:00] [#]} 12. e5 $146 (12. Bxf6 $16 gxf6 13. Be2) ({Predecessor:} 12. g4 e5 13. fxe5 dxe5 14. Qg3 Bd6 15. Be3 Qc6 16. Bg5 Nd7 17. Qd3 Bc5 18. Nd5 {1-0 (37) Cornel,M (2458)-Konstantinov,M (2356) LSS email 2015}) 12... dxe5 13. Bxe5 $16 ({Much weaker is} 13. Qxa8 $6 exd4 14. Nxb5 (14. Rxd4 O-O $15) 14... axb5 15. Bxb5+ Nd7 16. Rxd4 O-O $11) 13... Qb7 14. Qg3 {[%emt 0:00:55] White is much more active. The black rooks are badly placed.} O-O 15. Bd3 $1 $36 {[%emt 0:01:08][%mdl 2048] White is on the roll.} Bd7 (15... Ra7 $142 16. Be4 Qb6) 16. Qh4 $1 $18 {[%emt 0:06:26] Black must now prevent Bxf6.} h6 {[%emt 0:02:40] [#]} 17. g4 $1 Bc6 $2 {[%emt 0:03:38] [#]} (17... b4 18. axb4 Qxb4) 18. g5 $1 Ne8 {[%emt 0:17:11] [#]} (18... Ng4 19. Qxg4) 19. Bxg7 $1 Nxg7 {[%emt 0:00:17] [#]} (19... Bxg5 20. fxg5) 20. Qxh6 $1 Nf5 {[%emt 0:04:12] [#]} (20... Be4 21. Bxe4) 21. Bxf5 $1 {[%emt 0:01:08] White mates.} exf5 {[%emt 0:00:03] [#]} 22. g6 $1 fxg6 23. Qxg6+ Kh8 24. Qh6+ {[%emt 0:02:22] Weighted Error Value: White=0.03 (flawless) /Black=1.05} 1-0

[Event "41st Zalakaros Festival 2022"]
[Site "Zalakaros"]
[Date "2022.06.08"]
[Round "4.9"]
[White "Leszko, Bence"]
[Black "Boguszlavszkij, Jevgenyij"]
[Result "1-0"]
[ECO "B06"]
[WhiteElo "2248"]
[BlackElo "2088"]
[Annotator "TA"]
[PlyCount "77"]
[EventDate "2022.06.05"]
[EventType "swiss"]
[EventCountry "HUN"]
[SourceTitle "playchess.com"]
[Source "ChessBase"]
[SourceQuality "1"]
[TimeControl "40/5400+30:1800+30"]

1. e4 g6 2. d4 c6 3. Nc3 d5 4. h3 Bg7 5. e5 Nh6 6. g4 {[%emt 0:00:11][%cal Bg2g4,Bg4g5][%mdl 32] B15: Caro-Kann: 3 Nc3: 3...g6 and 3...dxe4 4 Nxe4 Nf6 5 Nxf6+ exf6.} f6 7. f4 {[%emt 0:00:04] [#]} f5 $146 (7... fxe5 $14 8. dxe5 g5) ({Predecessor:} 7... O-O 8. Nf3 fxe5 9. dxe5 Qb6 10. Qe2 Na6 11. Nd1 Nc5 12. Nf2 Ne6 13. Nd3 c5 {½-½ (60) Antipov,M (2598)-Saric,I (2690) Linares 2018}) 8. g5 $16 {[%emt 0:10:05] White is clearly better.} Nf7 9. h4 (9. Nf3 $142) 9... e6 (9... h5 $142) 10. h5 Nd7 11. Nf3 gxh5 12. Nh4 ({Resist} 12. Rxh5 Nf8 13. Qe2 Ng6 $16) 12... Nf8 13. Qxh5 Bd7 14. b3 {[%emt 0:02:58] White is more active.} Qe7 15. Bd2 O-O-O 16. Na4 Ng6 17. Qf3 ({But not} 17. Nxg6 hxg6 18. Qf3 Rxh1 19. Qxh1 Rh8 $14) (17. Be2 $16) 17... Nxh4 $1 $15 18. Rxh4 h6 19. Qg3 (19. Qc3 $1 $11 b6 20. Qd3) 19... hxg5 $17 20. Rxh8 Rxh8 21. fxg5 Rh5 (21... Rg8 $17) 22. Be2 $1 $11 Rh1+ 23. Bf1 Rh5 $36 {[%emt 0:00:32][%cal Rf7g5][%mdl 2048] Black fights for an advantage.} 24. O-O-O (24. Be2 $1 $11 {remains equal.} Rh1+ 25. Bf1) 24... Nxg5 $17 25. Bd3 Ne4 26. Bxe4 dxe4 27. Kb2 Bf8 28. Kb1 Be8 29. Nb2 Rh7 (29... b5 $19 {Strongly threatening ...Qh7.} 30. Rg1 Kb7) 30. Nc4 $1 $15 Qg7 31. Qe3 Qd7 32. d5 (32. Rg1 $15) 32... exd5 $2 {[%emt 0:03:12][%mdl 8192] [#] Black cannot hold the game after this.} (32... b5 $17 33. Nd6+ Bxd6 34. exd6 cxd5 35. Qc3+ Qc6) 33. Qxa7 $1 $18 {[%emt 0:00:28] Intending Qa8+ and mate.} Kd8 (33... dxc4 34. Qa8+) 34. Nb6 (34. Bg5+ $142 Be7 35. Nb6) 34... Qg7 35. Qb8+ Ke7 36. Bb4+ Kf7 37. e6+ $1 {[%emt 0:00:00][%mdl 64] [#] Deflection, Decoy} ({Don't go for} 37. Rf1 $2 Bxb4 38. Rxf5+ Kg6 39. Rf6+ Kg5 40. Qxe8 e3 $19) 37... Kxe6 38. Qxe8+ Be7 39. Qd7+ {[%emt 0:00:16] Weighted Error Value: White=0.21 (precise) /Black=0.81} 1-0